 Dungeon Crawl Stone Soup version 0.21.1-1-g345015fe64 (webtiles) character file.

55 Mrkan the Cudgeler (level 3, -6/23 HPs)
             Began as a Gargoyle Fighter on May 10, 2018.
             Mangled by Sigmund
             ... wielding a +6 scythe of venom
              (14 damage)
             ... on level 2 of the Dungeon.
             The game lasted 00:01:30 (1117 turns).

Mrkan the Cudgeler (Gargoyle Fighter)               Turns: 1117, Time: 00:01:31

Health: -6/23      AC: 10    Str: 24    XL:     3   Next: 93%
Magic:  3/3        EV:  7    Int:  8    God:
Gold:   25         SH:  0    Dex: 10    Spells: 2/2 levels left

rFire    . . .     SeeInvis .   a - +0 flail
rCold    . . .     Gourm    .   c - +0 shield
rNeg     + . .     Faith    .   b - +0 scale mail
rPois    ∞         Spirit   .   (no helmet)
rElec    +         Reflect  .   (no cloak)
rCorr    .         Harm     .   (no gloves)
MR       .....                  (no boots)
Stlth    ..........             (no amulet)
HPRegen  0.07/turn              (no ring)
MPRegen  0.08/turn              (no ring)

@: confused, mighty
A: negative energy resistance 1, electricity resistance, unbreathing,
petrification resistance, rot immunity, AC +3
a: no special abilities


You were on level 2 of the Dungeon.
You were not hungry.

You visited 1 branch of the dungeon, and saw 2 of its levels.

You collected 25 gold pieces.

Inventory:

Hand Weapons
 a - a +0 flail (weapon)
Armour
 b - a +0 scale mail (worn)
 c - a +0 shield (worn)
Jewellery
 j - a cursed -2 ring of dexterity {unknown}
Scrolls
 e - a scroll of identify {unknown}
 g - a scroll of remove curse {unknown}
 h - a scroll of amnesia {unknown}
 i - 2 scrolls of enchant weapon {unknown}
 k - a scroll of random uselessness {unknown}
Potions
 d - a potion of might
 l - a potion of curing {unknown}
Comestibles
 f - 5 rations


   Skills:
 - Level 3.2 Fighting
 * Level 4.1 Maces & Flails
 - Level 3.2 Armour
 - Level 3.2 Shields


You had 2 spell levels left.
You didn't know any spells.

Dungeon Overview and Level Annotations

Branches:
Dungeon (2/15)

Altars:

Annotations:
D:2 Sigmund


Innate Abilities, Weirdness & Mutations

You are resistant to torment.
Your stone body is resilient. (AC +3)
You are immune to poison.
You resist negative energy. (rN+)
You are resistant to electric shocks. (rElec)
You can survive without breathing.
You are immune to petrification.
You are immune to rotting.


Message History

Sigmund mumbles some strange words.
Sigmund flickers and vanishes!
Deactivating autopickup; reactivate with Ctrl-A.
You miss something.
You hear some strange, mumbled words.
A puff of flame appears from out of thin air!
The puff of flame misses you.
You miss something.
You hear some strange, mumbled words.
A puff of flame appears from out of thin air!
The puff of flame hits you!
You hear some strange, mumbled words.
You are confused.
You bump into the rock wall.
Something hits you but does no damage.
You completely miss something. Something hits you but does no damage.
You bump into the rock wall.
Something hits you but does no damage. Something hits you!
Ouch! That really hurt!
You die...

.........
#....... #......
#..... #.... ...
#{# #@# #.#
#####'#+##
#....(...#
#.......(#
#........# .
#........# ... #
#.......###...
.#
#.......+..#.###
#.##


There were no monsters in sight!

Vanquished Creatures
  Natasha (D:2)
  2 dart slugs (D:1)
  A leopard gecko (D:1)
  3 bats
  3 giant cockroaches
  2 goblins (D:1)
  3 hobgoblins (D:1)
  6 kobolds (D:1)
  3 rats
24 creatures vanquished.

Notes
Turn   | Place    | Note
-------+----------+-------------------------------------------
     0 | D:1      | Mrkan the Gargoyle Fighter began the quest for the Orb.
     0 | D:1      | Reached XP level 1. HP: 14/14 MP: 1/1
   201 | D:1      | Reached XP level 2. HP: 19/19 MP: 2/2
   295 | D:1      | Reached skill level 3 in Maces & Flails
   780 | D:1      | Reached XP level 3. HP: 22/23 MP: 3/3
  1064 | D:2      | Noticed Natasha
  1073 | D:2      | Killed Natasha
  1073 | D:2      | Reached skill level 4 in Maces & Flails
  1101 | D:2      | Noticed Sigmund
  1117 | D:2      | Mangled by Sigmund

Skill      XL: |  1  2  3 |
---------------+----------+-----
Maces & Flails | 3 4 |  4.1
Fighting       | |  3.2
Armour         | |  3.2
Shields        | |  3.2

Action                   || total
-------------------------++-------
Melee: Flail             ||   100
  Use: Potion            ||     1
  Eat: Chunk             ||     1
Armor: Scale mail        ||    57
Dodge: Dodged            ||    31
Block: Shield            ||    51
